 Dungeon Crawl Stone Soup version 0.30-a0-965-g42e074c17a (webtiles) character file.

Game seed: 9715298687653679417

5 Demosthentine the Poker (level 1, 0/16 HPs)
             Began as a Demonspawn Gladiator on Mar 31, 2023.
             Slain by a jackal (1 damage)
             ... on level 1 of the Dungeon.
             The game lasted 00:00:07 (70 turns).

Demosthentine the Poker (Demonspawn Gladiator)        Turns: 70, Time: 00:00:08

Health: 0/16       AC:  4    Str: 14    XL:     1   Next: 66%
Magic:  1/1        EV: 12    Int:  9    God:
Gold:   0          SH:  0    Dex: 14    Spells: 0/0 levels left

rFire   . . .      SeeInvis .    a - +0 trident
rCold   . . .      Faith    .    (no shield)
rNeg    . . .      Spirit   .    b - +0 leather armour
rPois   .          Reflect  .    c - +0 helmet
rElec   .          Rampage  .    (no cloak)
rCorr   .                        (no gloves)
Will    .....                    (no boots)
Stlth   +                        (no amulet)
HPRegen 0.22/turn                (no ring)
MPRegen 0.07/turn                (no ring)

@: no status effects
A: no striking features
a: no special abilities


You were on level 1 of the Dungeon.
You visited 1 branch of the dungeon, and saw 1 of its levels.

Inventory:

Hand Weapons
 a - a +0 trident (weapon)
Missiles
 d - 3 throwing nets (quivered)
 e - a javelin
Armour
 b - a +0 leather armour (worn)
 c - a +0 helmet (worn)


   Skills:
 + Level 2.1 Fighting
 + Level 2.8 Polearms
 - Level 1.7 Throwing
 + Level 0.3 Armour
 + Level 2.7 Dodging


You couldn't memorise any spells.
You didn't know any spells.
Your spell library was empty.

Dungeon Overview and Level Annotations

Branches:
Dungeon (1/15)

Altars:


Message History

The jackal closely misses you. The jackal barely misses you.
You hit the jackal.
You kill the jackal!
The ball python bites you. The ball python completely misses you.
You closely miss the ball python. The ball python closely misses you.
The ball python barely misses you.
You hit the ball python.
The ball python is severely wounded.
The ball python bites you.
* * * LOW HITPOINT WARNING * * *
The ball python grabs you. The ball python constricts you.
* * * LOW HITPOINT WARNING * * *
The ball python closely misses you. The ball python constricts you.
* * * LOW HITPOINT WARNING * * *
You barely miss the ball python.
The ball python is severely wounded.
The ball python barely misses you. The ball python constricts you.
You barely miss the ball python.
The ball python is moderately wounded.
The ball python barely misses you. The ball python constricts you.
* * * LOW HITPOINT WARNING * * *
The ball python bites you but does no damage.
The ball python constricts you.
Unknown command.
You hit the ball python.
You kill the ball python!
The jackal closely misses you.
You closely miss the jackal. The jackal barely misses you.
Unknown command.
You puncture the jackal!
You kill the jackal!
The jackal bites you but does no damage.
You closely miss the jackal. The jackal closely misses you.
Unknown command.
You hit the jackal.
The jackal is almost dead.
The jackal bites you.
* * * LOW HITPOINT WARNING * * *
The jackal bites you.
You die...

... ... ...# ...#####..#####
####...#......# #
.....8.#....... .#
.......#... #.# ##.#
.....###..# #.# ...
.<...#....###.#######.#####.
.....#..........@hJ.........
.....#....####†###...##(....
.....#....# #.# #...# ...
.....#....####.#......# #
...###...........#.....#
'''#......####.###......#
..........# #.. .......#
....♣.....# ######....##
..........#


You could see an endoplasm and a jackal.

Vanquished Creatures
  2 jackals (D:1)
  A quokka (D:1)
  2 ball pythons (D:1)
5 creatures vanquished.

Notes
Turn   | Place    | Note
-------+----------+-------------------------------------------
     0 | D:1      | Demosthentine the Demonspawn Gladiator began the quest for
                  | the Orb.
     0 | D:1      | Reached XP level 1. HP: 16/16 MP: 1/1
    70 | D:1      | Slain by a jackal

Illustrated notes

Levels and vault maps discovered:
D:1:      wander_arrival_estate, layout_loops_cross, minivault_19, fountainhead

Action                     || total
---------------------------++-------
  Melee: Trident           ||    32
   Stab: Sleeping          ||     1
 Armour: Leather armour    ||    13
  Dodge: Dodged            ||    33

Table legend: (Time is in decaauts)
 A = Elapsed time spent in this place.
 B = Non-inter-level travel time spent in this place.
 C = Inter-level travel time spent in this place.
 D = Time resting spent in this place.
 E = Time spent auto-exploring this place.
 F = Levels seen in this place.
 G = Mean time per level.
                   A        B        C        D        E       F      G
               +--------+--------+--------+--------+--------+-----+--------+
         Total |     75 |     75 |      0 |      0 |     30 |   1 |   75.0 |
       Dungeon |     75 |     75 |      0 |      0 |     30 |   1 |   75.0 |
               +--------+--------+--------+--------+--------+-----+--------+

Top non-repeatable levels by time:
     D:1: 75 daAuts
